 Dungeon Crawl Stone Soup version 0.26-a0-53-g45f243fec8 (webtiles) character file.

Game seed: 14521935038257265224

592 MarredHen the Stinger (level 7, -6/51 HPs)
             Began as a Gnoll Venom Mage on June 7, 2020.
             Mangled by a wyvern zombie (11 damage)
             ... on level 4 of the Dungeon.
             The game lasted 00:07:20 (4614 turns).

MarredHen the Stinger (Gnoll Venom Mage)            Turns: 4614, Time: 00:07:21

Health: -6/51      AC:  5    Str: 12    XL:     7   Next: 39%
Magic:  15/15      EV: 15    Int: 18    God:
Gold:   105        SH:  0    Dex: 15    Spells: 14/17 levels left

rFire    . . .     SeeInvis .   k - +1 short sword (drain)
rCold    . . .     Gourm    .   (no shield)
rNeg     . . .     Faith    .   a - +0 robe
rPois    .         Spirit   .   l - +0 helmet
rElec    .         Reflect  .   b - +1 cloak
rCorr    .         Harm     .   (no gloves)
MR       .....                  (no boots)
Stlth    +++.......             (no amulet)
HPRegen  0.17/turn              (no ring)
MPRegen  0.14/turn              (no ring)

@: no status effects
A: distributed training, fangs 1, strong nose
a: no special abilities


You were on level 4 of the Dungeon.
You were hungry.

You visited 1 branch of the dungeon, and saw 4 of its levels.

You collected 105 gold pieces.

Inventory:

Hand Weapons
 k - a +1 short sword of draining (weapon)
Armour
 a - a +0 robe (worn)
 b - a +1 cloak (worn)
 l - a +0 helmet (worn)
Jewellery
 h - an uncursed ring of fire
 i - an uncursed ring of ice
Scrolls
 d - a scroll of magic mapping
 f - 2 scrolls of teleportation
 g - 2 scrolls of identify
 j - a scroll of fear
Comestibles
 c - 5 rations


   Skills:
 + Level 2.4 Fighting
 + Level 2.4 Short Blades
 + Level 2.4 Long Blades
 + Level 2.4 Axes
 + Level 2.4 Maces & Flails
 + Level 2.4 Polearms
 + Level 2.4 Staves
 + Level 2.4 Slings
 + Level 2.4 Bows
 + Level 2.4 Crossbows
 + Level 2.4 Throwing
 + Level 2.4 Armour
 + Level 5.2 Dodging
 + Level 4.8 Stealth
 + Level 2.4 Shields
 + Level 2.4 Unarmed Combat
 + Level 5.6 Spellcasting
 + Level 2.0 Conjurations
 + Level 2.0 Hexes
 + Level 2.0 Charms
 + Level 2.0 Summonings
 + Level 2.0 Necromancy
 + Level 2.0 Translocations
 + Level 2.9 Transmutations
 + Level 2.0 Fire Magic
 + Level 2.0 Ice Magic
 + Level 2.0 Air Magic
 + Level 2.0 Earth Magic
 + Level 5.8 Poison Magic
 + Level 2.6 Invocations
 + Level 2.4 Evocations


You had 14 spell levels left.
You knew the following spells:

 Your Spells              Type           Power        Failure   Level  Hunger
a - Sting                 Tmut/Pois      ###.         1%          1    None
b - Poisonous Vapours     Pois/Air       ###...       3%          2    None

Your spell library contained the following spells:

 Spells                   Type           Power        Failure   Level  Hunger
 Ignite Poison            Fire/Tmut/Pois ###.....     9%          3    ##.....
 Mephitic Cloud           Conj/Pois/Air  ###.....     10%         3    ##.....
 Olgreb's Toxic Radiance  Pois           ####....     12%         4    ####...


Dungeon Overview and Level Annotations

Branches:
Dungeon (4/15)
 Temple: D:4-7

Altars:
Xom


Innate Abilities, Weirdness & Mutations

Your experience applies equally to all skills.
You have very sharp teeth.
Your uncanny sense of smell can sniff out nearby items.


Message History

You bite the wyvern zombie, but do no damage.
The wyvern zombie is heavily damaged.
The wyvern zombie barely misses you.
You hit the wyvern zombie.
The wyvern zombie is heavily damaged.
The wyvern zombie bites you!
You hit the wyvern zombie but do no damage.
The wyvern zombie is heavily damaged.
The wyvern zombie barely misses you. The wyvern zombie bites you!
* * * LOW HITPOINT WARNING * * *
You hit the wyvern zombie but do no damage.
You bite the wyvern zombie, but do no damage.
The wyvern zombie is heavily damaged.
The wyvern zombie barely misses you.
You feel better.
You are feeling hungry.
The wyvern zombie bites you!
* * * LOW HITPOINT WARNING * * *
The wyvern zombie bites you!
You die...

## .. #######.##
....#..@.#...#..
.......Z........
................
......##........
.##... ......#..
###...........
#........###
..%......#
...........∆


You could see a wyvern zombie.

Vanquished Creatures
  Sigmund (D:3)
  A centaur (D:3)
  An orc priest (D:3)
  Jessica (D:3)
  9 adders
  3 gnolls (D:3)
  An adder zombie (D:3)
  4 worms
  2 dart slugs (D:3)
  5 leopard geckos
  16 orcs (D:3)
  9 bats
  2 giant cockroaches
  11 goblins
  13 hobgoblins
  18 jackals
  8 kobolds
  3 quokkas (D:3)
  2 frilled lizards
  10 rats
120 creatures vanquished.

Vanquished Creatures (others)
  An orc wizard (D:3)
1 creature vanquished.

Grand Total: 121 creatures vanquished

Notes
Turn   | Place    | Note
-------+----------+-------------------------------------------
     0 | D:1      | MarredHen the Gnoll Venom Mage began the quest for the Orb.
     0 | D:1      | Reached XP level 1. HP: 13/13 MP: 6/6
   221 | D:1      | Reached XP level 2. HP: 19/19 MP: 5/7
   782 | D:2      | Reached XP level 3. HP: 25/25 MP: 0/9
   888 | D:2      | Reached skill level 5 in Spellcasting
  1034 | D:2      | Reached skill level 1 in Invocations
  1123 | D:2      | Reached skill level 1 in Fighting
  1123 | D:2      | Reached skill level 1 in Short Blades
  1123 | D:2      | Reached skill level 1 in Long Blades
  1123 | D:2      | Reached skill level 1 in Axes
  1123 | D:2      | Reached skill level 1 in Maces & Flails
  1123 | D:2      | Reached skill level 1 in Polearms
  1123 | D:2      | Reached skill level 1 in Staves
  1123 | D:2      | Reached skill level 1 in Slings
  1123 | D:2      | Reached skill level 1 in Bows
  1123 | D:2      | Reached skill level 1 in Crossbows
  1123 | D:2      | Reached skill level 1 in Throwing
  1123 | D:2      | Reached skill level 1 in Armour
  1123 | D:2      | Reached skill level 1 in Shields
  1123 | D:2      | Reached skill level 1 in Unarmed Combat
  1123 | D:2      | Reached skill level 1 in Evocations
  1301 | D:2      | Found a shimmering altar of Xom.
  1326 | D:2      | Reached XP level 4. HP: 32/32 MP: 9/11
  1974 | D:3      | Reached skill level 1 in Conjurations
  1974 | D:3      | Reached skill level 1 in Hexes
  1974 | D:3      | Reached skill level 1 in Charms
  1974 | D:3      | Reached skill level 1 in Summonings
  1974 | D:3      | Reached skill level 1 in Necromancy
  1974 | D:3      | Reached skill level 1 in Translocations
  1974 | D:3      | Reached skill level 1 in Fire Magic
  1974 | D:3      | Reached skill level 1 in Ice Magic
  1974 | D:3      | Reached skill level 1 in Air Magic
  1974 | D:3      | Reached skill level 1 in Earth Magic
  2001 | D:3      | Reached XP level 5. HP: 8/37 MP: 3/12
  2779 | D:3      | Reached XP level 6. HP: 21/44 MP: 6/13
  3165 | D:3      | Noticed Sigmund
  3379 | D:3      | Killed Sigmund
  3379 | D:3      | Reached skill level 5 in Dodging
  3719 | D:3      | Reached XP level 7. HP: 20/50 MP: 12/15
  4115 | D:3      | Noticed Jessica
  4121 | D:3      | Killed Jessica
  4593 | D:3      | Learned a level 2 spell: Poisonous Vapours
  4614 | D:4      | Mangled by a wyvern zombie

Illustrated notes

Levels and vault maps discovered:
D:1:      mrwooster_arrival_statue_3, layout_rooms,
          chequers_serial_rivers_micro_e, minmay_cupped
D:2:      layout_loops_ring, tgw_xom
D:3:      minmay_bubble_buster, layout_basic, ebering_dispersal_statue_hall,
          st_stairs_10, minmay_fractal_squares_diagonal_5, uniq_sigmund,
          uniq_jessica
D:4:      layout_cave_pools, okawaru_altar_gauntlet_db,
          chequers_temple_overflow_minitemple, kennysheep_little_box,
          uniq_grinder, uniq_crazy_yiuf_cottage

Skill      XL: |  1  2  3  4  5  6  7 |
---------------+----------------------+-----
Transmutations | 2 |  2.9
Spellcasting   | 5 |  5.6
Invocations    | 1 2 |  2.6
Fighting       | 1 2 |  2.4
Short Blades   | 1 2 |  2.4
Long Blades    | 1 2 |  2.4
Axes           | 1 2 |  2.4
Maces & Flails | 1 2 |  2.4
Polearms       | 1 2 |  2.4
Staves         | 1 2 |  2.4
Slings         | 1 2 |  2.4
Bows           | 1 2 |  2.4
Crossbows      | 1 2 |  2.4
Throwing       | 1 2 |  2.4
Armour         | 1 2 |  2.4
Shields        | 1 2 |  2.4
Unarmed Combat | 1 2 |  2.4
Evocations     | 1 2 |  2.4
Conjurations   | 1 2 |  2.0
Hexes          | 1 2 |  2.0
Charms         | 1 2 |  2.0
Summonings     | 1 2 |  2.0
Necromancy     | 1 2 |  2.0
Translocations | 1 2 |  2.0
Fire Magic     | 1 2 |  2.0
Ice Magic      | 1 2 |  2.0
Air Magic      | 1 2 |  2.0
Earth Magic    | 1 2 |  2.0
Dodging        | 5 |  5.2
Stealth        | |  4.8
Poison Magic   | |  5.8

Action                   |  1- 3 |  4- 6 |  7- 9 || total
-------------------------+-------+-------+-------++-------
Melee: Short sword       |    31 |    54 |    28 ||   113
       Bite              |     3 |     6 |     2 ||    11
       Punch             |       |     1 |       ||     1
 Cast: Sting             |    54 |   113 |    40 ||   207
  Use: Scroll            |     2 |     5 |     3 ||    10
       Potion            |       |     2 |     1 ||     3
  Eat: Chunk             |     1 |     3 |       ||     4
       Ration            |       |     2 |       ||     2
Armor: Robe              |    13 |    24 |     8 ||    45
Dodge: Dodged            |    58 |   107 |    52 ||   217

Table legend:
 A = Non-vault XP
 B = Vault XP
 C = Vault XP percentage of total XP
 D = Non-vault monster count
 E = Vault monster count
 F = Vault count percentage of total count
                 A         B        C        D         E       F
            +---------+---------+-------+---------+---------+-------
      Total |     345 |     502 |  59.3 |      86 |      35 |  28.9
            +---------+---------+-------+---------+---------+-------
        D:1 |      13 |       3 |  18.8 |       8 |       2 |  20.0
        D:2 |      56 |      22 |  28.2 |      25 |       6 |  19.4
        D:3 |     276 |     477 |  63.3 |      53 |      27 |  33.8
            +---------+---------+-------+---------+---------+-------
